 Dungeon Sprint DCSS version 0.28-a0-730-g892d06dc2c (webtiles) character file.

Game seed: 13943715930579485065

35 mhtbhm the Chucker (level 3, -8/45 HPs)
             Began as a Human Hunter on Oct 29, 2021.
             Mangled by a water elemental (14 damage)
             ... in the Dungeon (Sprint III: "The Ten Rune Challenge").
             The game lasted 00:01:15 (288 turns).

mhtbhm the Chucker (Human Hunter)                    Turns: 288, Time: 00:01:15

Health: -8/45      AC:  3    Str: 13    XL:     3   Next: 55%
Magic:  3/3        EV: 12    Int: 13    God:
Gold:   22         SH:  0    Dex: 13    Spells: 2/2 levels left

rFire   . . .      SeeInvis .   a - +0 short sword
rCold   . . .      Faith    .   (no shield)
rNeg    . . .      Spirit   .   b - +0 leather armour
rPois   .          Reflect  .   (no helmet)
rElec   .          Harm     .   (no cloak)
rCorr   .          Rampage  .   (no gloves)
Will    .....      NoTele   +   (no boots)
Stlth   ..........              (no amulet)
HPRegen 0.15/turn               (no ring)
MPRegen 0.08/turn               (no ring)

@: berserking, engulfed (cannot breathe), very quick
A: clever 1, robust 1
a: no special abilities


You were in the Dungeon.
You visited 1 branch You collected 22 gold pieces.

Inventory:

Hand Weapons
 a - a +0 short sword (weapon)
Armour
 b - a +0 leather armour (worn)
Scrolls
 j - a scroll of blinking
 l - a scroll of torment {unknown}
 m - 2 scrolls of identify {unknown}
 p - a scroll of holy word {unknown}
Potions
 e - a potion of curing
 f - a potion of heal wounds
 g - a potion of haste
 h - 2 potions of magic
 k - 2 potions of mutation
 n - 2 potions of ambrosia {unknown}
 o - 2 potions of flight
 q - 2 potions of attraction {unknown}


   Skills:
 + Level 2.5 Fighting
 + Level 1.6 Short Blades
 + Level 6.8 Throwing
 + Level 0.4 Armour
 + Level 2.5 Dodging
 + Level 1.0 Stealth


You had 2 spell levels left.
You didn't know any spells.
Your spell library was empty.

Dungeon Overview and Level Annotations

Branches:
Dungeon (1/1)

Altars:


Innate Abilities, Weirdness & Mutations

Your mind is acute. (Int +2)
You are robust. (+10% HP)


Message History

The javelin pierces through the water elemental.
The water elemental is moderately damaged.
The water elemental struggles against the net. x2
The net rips apart, and the water elemental comes free!
Unknown command.
Throw: 2 javelins
Press: ? - help, Q - select action Shift-Dir - straight line, f/p - water elemental
Aim: a water elemental (moderately damaged, 72% to hit)
You throw a javelin.
The javelin barely misses the water elemental.
Unknown command.
Unknown command.
Throw: javelin
Press: ? - help, Q - select action Shift-Dir - straight line, f/p - water elemental
Aim: a water elemental (moderately damaged, 72% to hit)
You throw a javelin.
The javelin barely misses the water elemental.
The water elemental hits you!
Unknown command.
A red film seems to cover your vision as you go berserk!
You feel yourself moving faster!
You feel mighty! The water elemental hits you.
The water elemental engulfs you in water!
You hit the water elemental.
The water elemental is heavily damaged.
Your lungs strain for air!
The water elemental completely misses you.
You puncture the water elemental!
The water elemental is severely damaged.
Your lungs strain for air!
You hit the water elemental.
The water elemental is almost destroyed.
Your lungs strain for air!
The water elemental hits you!
* * * LOW HITPOINT WARNING * * *
You closely miss the water elemental.
The water elemental is almost destroyed.
* * * LOW HITPOINT WARNING * * *
Your lungs strain for air!
The water elemental hits you!
You die...

▓▓▓▓▓▓▓▓▓▓▓▓ ▓▓▓
▓<.#..'....♣ ♣.#
▓..#..#....♣ ♣.#
▓#'####....♣♣ ♣♣.#
▓.†...#....≈♣♣♣♣..# #+#
▓.....#...≈≈♣..♣.(#...
▓....)#..≈≈≈†♣♣.♣.'.⌠....
▓####'#..≈≈≈≈≈≈E♣.#...###
▓...††#.≈≈≈≈≈≈.@..#.⌠(#
▓.....#.≈≈≈≈≈.....# ..#
▓.....#.≈≈≈.......# ###
▓'#####...........#
▓.................#
▓▓▓▓▓▓▓▓▓▓▓▓▓▓▓▓▓▓▓


You could see a water elemental.

Vanquished Creatures
  A human (D)
  A wolf (D)
  An endoplasm (D)
  3 rats (D)
6 creatures vanquished.

Notes
Turn   | Place    | Note
-------+----------+-------------------------------------------
     0 | D        | mhtbhm the Human Hunter began the quest for the Orb.
     0 | D        | Reached XP level 1. HP: 16/16 MP: 1/1
   183 | D        | Reached skill level 1 in Short Blades
   183 | D        | Reached skill level 6 in Throwing
   183 | D        | Reached XP level 2. HP: 21/23 MP: 2/2
   183 | D        | Reached XP level 3. HP: 26/28 MP: 3/3
   244 | D        | Gained mutation: Your mind is acute. (Int +2) [potion of
                  | mutation]
   244 | D        | Gained mutation: You are robust. (+10% HP) [potion of
                  | mutation]
   272 | D        | Noticed a water elemental
   288 | D        | Mangled by a water elemental

Illustrated notes

Levels and vault maps discovered:
D:        dungeon_sprint_mu [sprint_mu_entry_forest, sprint_mu_temple_rooms,
          sprint_mu_d1_horrors, sprint_mu_d2_genie, sprint_mu_d3_branching,
          sprint_mu_orc_legion, sprint_mu_elf_gauntlet, sprint_mu_hive_nellie,
          sprint_mu_lair_fedhas, sprint_mu_vaults_butterflies,
          sprint_mu_slime_circle, sprint_mu_swamp_cave, sprint_mu_shoals_archi,
          sprint_mu_blade_basic, sprint_mu_crypt_lich, sprint_mu_tomb_spiral,
          sprint_mu_vestibule_basic, sprint_mu_gehenna_hellfire,
          sprint_mu_dis_giant, sprint_mu_tartarus_statrot,
          sprint_mu_cocytus_islands, sprint_mu_zot1]

Skill      XL: |  1 |
---------------+----+-----
Short Blades   | 1 |  1.6
Throwing       | 6 |  6.8
Fighting       | |  2.5
Armour         | |  0.4
Dodging        | |  2.5
Stealth        | |  1.0

Action                   || total
-------------------------++-------
Melee: Short sword       ||    16
Throw: Javelin           ||    14
       Throwing net      ||     2
  Use: Potion            ||     2
Armor: Leather armour    ||     3
Dodge: Dodged            ||     6

Table legend: (Time is in decaauts)
 A = Elapsed time spent in this place.
 B = Non-inter-level travel time spent in this place.
 C = Inter-level travel time spent in this place.
 D = Time resting spent in this place.
 E = Time spent auto-exploring this place.
 F = Levels seen in this place.
 G = Mean time per level.
                   A        B        C        D        E       F      G
               +--------+--------+--------+--------+--------+-----+--------+
         Total |    299 |    299 |      0 |    152 |      1 |   1 |  299.0 |
       Dungeon |    299 |    299 |      0 |    152 |      1 |   1 |  299.0 |
               +--------+--------+--------+--------+--------+-----+--------+

Top non-repeatable levels by time:
       D: 299 daAuts
